[Event "XVI Memorial Lezcano Montalvo 2024"]
[Site "Gran Canaria"]
[Date "2024.03.29"]
[Round "7.11"]
[White "Perez Bolanos, David"]
[Black "Sanz Wawer, Daniel"]
[Result "0-1"]
[ECO "E25"]
[WhiteElo "2053"]
[BlackElo "2397"]
[Annotator "TA"]
[PlyCount "94"]
[EventDate "2024.03.23"]
[EventType "swiss"]
[EventCountry "ESP"]
[SourceTitle "playchess.com"]
[Source "ChessBase"]
[SourceQuality "1"]
[TimeControl "5400+30"]

1. d4 Nf6 2. c4 e6 3. Nc3 Bb4 4. f3 d5 5. a3 Bxc3+ 6. bxc3 c5 7. cxd5 Nxd5 8. dxc5 f5 9. Nh3 O-O 10. Nf4 Nxc3 11. Qxd8 Rxd8 12. Bd2 {[%emt 0:01:00] The position is equal.} Nd5 13. Rc1 Nc6 14. Nxd5 exd5 (14... Rxd5 $11 15. g4 Nd4) 15. e3 $14 Be6 16. Bb5 Ne5 17. Bc3 Nc4 18. Bxc4 dxc4 19. Ke2 Rd3 20. Rhd1 Rad8 21. Rd2 R8d7 22. Rcd1 Kf7 23. Be5 g5 24. Bb8 Rd8 25. Be5 (25. Bg3 {simplifies} Rc8 26. Rxd3 cxd3+ 27. Kxd3 Rxc5 28. e4) 25... g4 (25... Rc8 {simplifies} 26. Rxd3 cxd3+ 27. Kxd3 Rxc5 28. Bb8 Rd5+) 26. fxg4 f4 27. Rxd3 Bxg4+ 28. Kf2 cxd3 $11 {[%emt 0:01:15][%mdl 4096] Endgame. KRB-KRB} 29. Rd2 fxe3+ 30. Kxe3 Bf5 31. g4 Bg6 (31... Bxg4 {simplifies} 32. Rxd3 Rxd3+ 33. Kxd3 h5) 32. h4 {[%emt 0:00:32] [#] h5 would now be deadly.} Ke6 33. Bc7 Rc8 34. h5 $2 {[%emt 0:02:18] White does not recover from this.} (34. Bd6 $11) 34... Rxc7 $19 35. hxg6 hxg6 (35... Rxc5 36. gxh7 (36. Rxd3 $2 hxg6 37. Rb3 Re5+ 38. Kf3 b5 $19) 36... Rc8 37. g5 $18 (37. Rxd3 Rh8 $14)) 36. Rxd3 Rxc5 {[%emt 0:00:05] KR-KR} 37. Kf3 Rd5 38. Rb3 b6 39. Rc3 Kd6 {[%emt 0:00:19] Prevents Rc6+.} 40. Kf4 g5+ 41. Ke4 Re5+ 42. Kd4 Ra5 {[%emt 0:00:12] Strongly threatening ...Ra4+.} 43. Ke4 Rc5 44. Rf3 (44. Rh3 {was the only chance.}) 44... Ke6 45. Kd4 Ra5 46. Re3+ Kd6 {[%emt 0:00:13] ( -> ...Ra4+)} 47. Rd3 $2 {[%emt 0:00:33] [#]} (47. Rb3 $19) 47... Rd5+ {[%emt 0:04:02] Weighted Error Value: White=0.43/Black=0.08 (flawless) .  Loses game:     	White=1     	---        Mistake:       	White=2     	Black=1      Inaccurate:     	White=3     	Black=1      OK:         	White=13    	Black=18     Best:        	White=4     	Black=6} 0-1

[Event "XVI Memorial Lezcano Montalvo 2024"]
[Site "Gran Canaria"]
[Date "2024.03.29"]
[Round "7.12"]
[White "Barlov, Dragan"]
[Black "Cruz Pino, Adrian"]
[Result "1-0"]
[ECO "C60"]
[WhiteElo "2387"]
[BlackElo "2015"]
[Annotator "RC"]
[PlyCount "111"]
[EventDate "2024.03.23"]
[EventType "swiss"]
[EventCountry "ESP"]
[SourceTitle "playchess.com"]
[Source "ChessBase"]
[SourceQuality "1"]
[TimeControl "5400+30"]

1. e4 e5 2. Nf3 Nc6 3. Bb5 Nge7 4. O-O Ng6 5. c3 d6 6. d4 Bd7 7. Re1 Be7 8. Nbd2 O-O 9. Nf1 a6 10. Be2 Nf4 11. Ne3 Nxe2+ 12. Rxe2 Qc8 13. b3 Re8 14. Bb2 f6 15. Rd2 Bf8 16. Qc2 g6 17. c4 Bg7 18. a3 Bg4 19. Nxg4 Qxg4 20. h3 Qc8 21. dxe5 dxe5 22. b4 Qe6 23. Rad1 Bf8 24. Rd5 Nd8 25. c5 Nf7 26. Nd2 c6 27. Rd3 Red8 28. Nc4 Rxd3 29. Rxd3 Rd8 30. Na5 Rxd3 31. Qxd3 Qc8 32. f4 Be7 33. fxe5 fxe5 34. Kh2 Bd8 35. Nc4 Bc7 36. Nd2 Qe6 37. Nf3 Kf8 38. a4 Ke8 39. Qc2 Qa2 40. Nd2 Qe6 41. Bc1 Ke7 42. Nf3 Ke8 43. Be3 Bd8 44. Kg1 Bc7 45. Nd2 Ke7 46. Nc4 Ke8 47. Na3 Bd8 48. b5 axb5 49. axb5 Be7 50. Kh2 b6 51. cxb6 Bxa3 52. bxc6 Bd6 53. c7 Qc8 54. Qc6+ Ke7 55. Bc5 h5 56. b7 1-0

[Event "XVI Memorial Lezcano Montalvo 2024"]
[Site "Gran Canaria"]
[Date "2024.03.29"]
[Round "7.13"]
[White "Garcia Blanco, Omar"]
[Black "Zhou, Lepu Coco"]
[Result "1-0"]
[ECO "C06"]
[WhiteElo "2377"]
[BlackElo "1980"]
[Annotator "RC"]
[PlyCount "85"]
[EventDate "2024.03.23"]
[EventType "swiss"]
[EventCountry "ESP"]
[SourceTitle "playchess.com"]
[Source "ChessBase"]
[SourceQuality "1"]
[TimeControl "5400+30"]

1. e4 e6 2. d4 d5 3. Nd2 Be7 4. Bd3 Nf6 5. e5 Nfd7 6. c3 c5 7. Ne2 Nc6 8. O-O g5 9. f4 Qb6 10. Kh1 g4 11. f5 cxd4 12. cxd4 Nxd4 13. Nxd4 Qxd4 14. Nb3 Qxe5 15. fxe6 fxe6 16. Re1 Qf6 17. Qxg4 Ne5 18. Qh5+ Ng6 19. Be3 e5 20. Rf1 Qe6 21. Bxg6+ Qxg6 22. Qxe5 Rg8 23. Qxd5 Bd7 24. Nd4 O-O-O 25. Bf4 Bc6 26. Nxc6 bxc6 27. Qf3 Rd3 28. Qe2 Bd6 29. Bxd6 Rxd6 30. Rf3 Kd8 31. Rg3 Qe8 32. Rxg8 Qxg8 33. Re1 Rd7 34. Qe5 Kc8 35. Qa5 Qc4 36. h3 Rf7 37. Re8+ Kb7 38. Qe5 Qxa2 39. Rb8+ Ka6 40. Qe2+ Ka5 41. Qd2+ Ka6 42. Qd3+ Ka5 43. Qc3+ 1-0

[Event "XVI Memorial Lezcano Montalvo 2024"]
[Site "Gran Canaria"]
[Date "2024.03.29"]
[Round "7.14"]
[White "Hernando Rodrigo, Jose Maria"]
[Black "Camino Carrio, Nicanor"]
[Result "1-0"]
[ECO "E69"]
[WhiteElo "2257"]
[BlackElo "1962"]
[Annotator "RC"]
[PlyCount "85"]
[EventDate "2024.03.23"]
[EventType "swiss"]
[EventCountry "ESP"]
[SourceTitle "playchess.com"]
[Source "ChessBase"]
[SourceQuality "1"]
[TimeControl "5400+30"]

1. d4 Nf6 2. c4 g6 3. Nc3 Bg7 4. Nf3 O-O 5. g3 d6 6. Bg2 Nbd7 7. O-O c6 8. e4 e5 9. h3 Qb6 10. c5 dxc5 11. dxe5 Ne8 12. Qc2 Nxe5 13. Nxe5 Bxe5 14. Na4 Qc7 15. Nxc5 b6 16. Nd3 Ba6 17. Rd1 Bd6 18. Bh6 Ng7 19. Qc3 f6 20. Rac1 Rac8 21. Nf4 Be5 22. Qb3+ Qf7 23. Bxg7 Qxb3 24. axb3 Bxf4 25. gxf4 Kxg7 26. Ra1 Bb5 27. Rxa7+ Rf7 28. Rxf7+ Kxf7 29. Rd7+ Ke6 30. Rxh7 Rd8 31. Bf3 Rd3 32. Bg4+ Kd6 33. e5+ fxe5 34. Rd7+ Kc5 35. fxe5 Rxd7 36. Bxd7 g5 37. h4 gxh4 38. f4 Kd5 39. Kg2 Bd3 40. Kh3 Ke4 41. e6 Kxf4 42. e7 Bg6 43. Bxc6 1-0

[Event "XVI Memorial Lezcano Montalvo 2024"]
[Site "Gran Canaria"]
[Date "2024.03.29"]
[Round "7.15"]
[White "Marrero Rodriguez, Jorge"]
[Black "Perez Guerra, Raul"]
[Result "0-1"]
[ECO "B80"]
[WhiteElo "2177"]
[BlackElo "2250"]
[Annotator "RC"]
[PlyCount "58"]
[EventDate "2024.03.23"]
[EventType "swiss"]
[EventCountry "ESP"]
[SourceTitle "playchess.com"]
[Source "ChessBase"]
[SourceQuality "1"]
[TimeControl "5400+30"]

1. e4 c5 2. Nf3 d6 3. d4 cxd4 4. Nxd4 Nf6 5. Nc3 a6 6. Be3 e6 7. a3 Qc7 8. g4 d5 9. exd5 Nxd5 10. Nxd5 exd5 11. Qf3 Qa5+ 12. Bd2 Qb6 13. Bc3 Be7 14. O-O-O O-O 15. Qxd5 Bf6 16. Bc4 Nc6 17. g5 Be6 18. Nxe6 Bxc3 19. bxc3 fxe6 20. Qxe6+ Kh8 21. Rd7 Qc5 22. g6 Ne5 23. Qh3 Nxg6 24. Bb3 Qxa3+ 25. Kb1 Rae8 26. Bf7 Re5 27. Rd5 Nf4 28. Qd7 Rxd5 29. Qe7 Qxe7 0-1

[Event "XVI Memorial Lezcano Montalvo 2024"]
[Site "Gran Canaria"]
[Date "2024.03.29"]
[Round "7.16"]
[White "Rivero Tacoronte, Gabriel"]
[Black "Calzetta Ruiz, Monica"]
[Result "0-1"]
[ECO "B38"]
[WhiteElo "1831"]
[BlackElo "2239"]
[Annotator "RC"]
[PlyCount "70"]
[EventDate "2024.03.23"]
[EventType "swiss"]
[EventCountry "ESP"]
[SourceTitle "playchess.com"]
[Source "ChessBase"]
[SourceQuality "1"]
[TimeControl "5400+30"]

1. e4 c5 2. Nf3 Nc6 3. d4 cxd4 4. Nxd4 g6 5. c4 Bg7 6. Be3 Nf6 7. Nc3 d6 8. Be2 O-O 9. O-O Nxd4 10. Bxd4 Nd7 11. Bxg7 Kxg7 12. Qd4+ f6 13. Rad1 Qb6 14. Qd2 Qa5 15. a3 Ne5 16. b4 Qd8 17. f4 Nf7 18. Qd3 Be6 19. Qg3 Rc8 20. Nd5 a5 21. Kh1 axb4 22. axb4 Bxd5 23. exd5 Qb6 24. Bd3 Rc7 25. h4 Qxb4 26. h5 Rh8 27. Ra1 Qc3 28. Rfc1 Qd4 29. Bxg6 Rg8 30. Bf5+ Kh8 31. Qh3 Rxc4 32. Rd1 Qxf4 33. g4 Ng5 34. Qd3 Nf3 35. Qe2 Qg3 0-1

[Event "XVI Memorial Lezcano Montalvo 2024"]
[Site "Gran Canaria"]
[Date "2024.03.29"]
[Round "7.17"]
[White "Guerrero Orihuela, Jose Luis"]
[Black "Morales Camacho, Julian"]
[Result "1/2-1/2"]
[ECO "D36"]
[WhiteElo "1948"]
[BlackElo "2186"]
[Annotator "RC"]
[PlyCount "83"]
[EventDate "2024.03.23"]
[EventType "swiss"]
[EventCountry "ESP"]
[SourceTitle "playchess.com"]
[Source "ChessBase"]
[SourceQuality "1"]
[TimeControl "5400+30"]

1. d4 d5 2. c4 e6 3. Nc3 h6 4. Nf3 Nf6 5. Bf4 Bd6 6. Be5 c6 7. e3 O-O 8. Qc2 Qe7 9. cxd5 exd5 10. Bd3 Nbd7 11. Bxd6 Qxd6 12. O-O Re8 13. Rab1 a5 14. Rbe1 Rd8 15. Ne2 b6 16. Ne5 c5 17. f4 Ra7 18. Ng3 Rc7 19. Qe2 Nf8 20. Kh1 Ne6 21. Nf5 Qf8 22. g4 Ne4 23. g5 Nxd4 24. Nxh6+ gxh6 25. exd4 hxg5 26. Qh5 Qg7 27. fxg5 cxd4 28. Ng4 Bxg4 29. Qxg4 Re7 30. Bxe4 dxe4 31. Rxe4 Rxe4 32. Qxe4 Rd6 33. Rd1 Re6 34. Qd5 Qe5 35. Qxd4 Qxd4 36. Rxd4 Re2 37. b4 Rxa2 38. bxa5 bxa5 39. Rd6 Kg7 40. Ra6 Ra4 41. h3 Ra2 42. Kg1 1/2-1/2

[Event "XVI Memorial Lezcano Montalvo 2024"]
[Site "Gran Canaria"]
[Date "2024.03.29"]
[Round "7.18"]
[White "Ramos Santana, Marcelino"]
[Black "Hernandez Leon, Sergio"]
[Result "1/2-1/2"]
[ECO "B15"]
[WhiteElo "1897"]
[BlackElo "2172"]
[Annotator "RC"]
[PlyCount "92"]
[EventDate "2024.03.23"]
[EventType "swiss"]
[EventCountry "ESP"]
[SourceTitle "playchess.com"]
[Source "ChessBase"]
[SourceQuality "1"]
[TimeControl "5400+30"]

1. e4 g6 2. d4 Bg7 3. Nc3 c6 4. Be3 d5 5. Qd2 Nf6 6. e5 Ng4 7. Bf4 h5 8. Bd3 c5 9. h3 cxd4 10. Bb5+ Bd7 11. Bxd7+ Qxd7 12. Qxd4 Nc6 13. Qxd5 Qf5 14. Qe4 Qxe4+ 15. Nxe4 Ngxe5 16. O-O-O Rc8 17. Kb1 Nc4 18. Bc1 Nd4 19. c3 Ne6 20. Nf3 b5 21. a3 a5 22. Rhe1 O-O 23. Nfg5 Nxg5 24. Bxg5 f5 25. Nd2 Nxb2 26. Kxb2 Rxc3 27. Rxe7 Bh8 28. Kb1 Rxa3 29. Rc7 b4 30. Nc4 Ra1+ 31. Kc2 b3+ 32. Kd2 b2 33. Nxb2 Ra2 34. Ke1 Rxb2 35. g3 Rb6 36. Ra7 Bc3+ 37. Kf1 Rf7 38. Ra8+ Kh7 39. h4 Rbb7 40. Rd3 Rbc7 41. Bd8 Rc5 42. Bb6 Rc6 43. Bxa5 Bxa5 44. Rxa5 f4 45. Rf3 Rcf6 46. Kg1 Kg7 1/2-1/2

[Event "XVI Memorial Lezcano Montalvo 2024"]
[Site "Gran Canaria"]
[Date "2024.03.29"]
[Round "7.19"]
[White "Gonzalez Martinez, Miguel Angel"]
[Black "Sosa Suarez, Carla Cristina"]
[Result "0-1"]
[ECO "B40"]
[WhiteElo "2158"]
[BlackElo "1980"]
[Annotator "RC"]
[PlyCount "96"]
[EventDate "2024.03.23"]
[EventType "swiss"]
[EventCountry "ESP"]
[SourceTitle "playchess.com"]
[Source "ChessBase"]
[SourceQuality "1"]
[TimeControl "5400+30"]

1. e4 e6 2. d3 c5 3. Nf3 Nc6 4. g3 e5 5. Bg2 g6 6. Be3 d6 7. O-O Bg7 8. c3 Nge7 9. a3 a5 10. a4 O-O 11. Na3 h6 12. Nd2 Be6 13. Nb5 Na7 14. Nxa7 Rxa7 15. b4 axb4 16. cxb4 b6 17. a5 bxa5 18. bxc5 dxc5 19. Bxc5 Rd7 20. Ra3 Qc7 21. Rc3 Rb8 22. Qc2 Qd8 23. Ba3 Bf8 24. Rc1 Nc6 25. Nf3 Bxa3 26. Rxa3 Nb4 27. Qd2 Nxd3 28. Rf1 Rb5 29. Qxh6 Qf8 30. Qxf8+ Kxf8 31. h4 Bb3 32. Rb1 a4 33. Bf1 Rc5 34. Kg2 Nb4 35. Raxb3 axb3 36. Rxb3 Nc6 37. Rb6 Nd4 38. Ng5 Rc2 39. Bd3 Rc3 40. Bf1 Ra7 41. g4 Kg7 42. h5 gxh5 43. gxh5 f6 44. Nh3 Rf7 45. Ng1 Rc2 46. Bd3 Rc3 47. Be2 Kh6 48. Rb8 Rg7+ 0-1

[Event "XVI Memorial Lezcano Montalvo 2024"]
[Site "Gran Canaria"]
[Date "2024.03.29"]
[Round "7.20"]
[White "Marrero Cardenes, Agustin"]
[Black "Arnaiz Yanes, Miguel Angel"]
[Result "1-0"]
[ECO "A51"]
[WhiteElo "2093"]
[BlackElo "1947"]
[Annotator "RC"]
[PlyCount "125"]
[EventDate "2024.03.23"]
[EventType "swiss"]
[EventCountry "ESP"]
[SourceTitle "playchess.com"]
[Source "ChessBase"]
[SourceQuality "1"]
[TimeControl "5400+30"]

1. d4 Nf6 2. c4 e5 3. dxe5 Ne4 4. Nf3 Nc6 5. Nbd2 Bb4 6. a3 Bxd2+ 7. Nxd2 Nxd2 8. Bxd2 Nxe5 9. Bc3 Qe7 10. Qd4 f6 11. O-O-O d6 12. h3 Nc6 13. Qh4 Bf5 14. e4 Bg6 15. f3 O-O-O 16. g4 h5 17. Rg1 Kb8 18. Qg3 h4 19. Qf2 Bf7 20. Rg2 Ne5 21. b3 Nc6 22. Qb2 Ne5 23. Qf2 Nc6 24. Bd3 Ne5 25. Bc2 g5 26. f4 gxf4 27. Qxf4 Bg6 28. g5 fxg5 29. Qxg5 Qxg5+ 30. Rxg5 Bf7 31. Bxe5 dxe5 32. Rxd8+ Rxd8 33. Rxe5 Re8 34. Rf5 Be6 35. Rf3 c6 36. Kd2 Rg8 37. Ke3 Rg2 38. Bd1 Rh2 39. Rf8+ Kc7 40. Bg4 Bxg4 41. hxg4 Rg2 42. Kf3 Rg3+ 43. Kf4 Rxb3 44. g5 Rb1 45. Rh8 Kd6 46. Rh6+ Ke7 47. Rxh4 Kf7 48. Rh6 a5 49. Kf5 Rf1+ 50. Ke5 Kg7 51. Rf6 Rd1 52. Rd6 Ra1 53. Kf5 Rf1+ 54. Ke6 Rc1 55. e5 Rxc4 56. Kd7 Re4 57. e6 Kf8 58. g6 b5 59. Kd8 b4 60. e7+ Rxe7 61. Rf6+ Kg7 62. Kxe7 c5 63. axb4 1-0

[Event "XVI Memorial Lezcano Montalvo 2024"]
[Site "Gran Canaria"]
[Date "2024.03.29"]
[Round "7.21"]
[White "Perez Bolanos, Joel"]
[Black "Sanchez Gonzalez, Diego"]
[Result "1-0"]
[ECO "B21"]
[WhiteElo "2046"]
[BlackElo "1908"]
[Annotator "RC"]
[PlyCount "71"]
[EventDate "2024.03.23"]
[EventType "swiss"]
[EventCountry "ESP"]
[SourceTitle "playchess.com"]
[Source "ChessBase"]
[SourceQuality "1"]
[TimeControl "5400+30"]

1. e4 c5 2. d4 cxd4 3. c3 dxc3 4. Nxc3 e6 5. Nf3 a6 6. Bc4 Bb4 7. O-O Ne7 8. Qe2 O-O 9. Rd1 Qc7 10. Bd2 Nbc6 11. Rac1 Ng6 12. Bb3 Re8 13. Nb5 Qb6 14. Bxb4 Nf4 15. Qd2 Qxb5 16. Qxf4 Qxb4 17. Rd6 a5 18. Rc4 Qb5 19. e5 f6 20. exf6 Rf8 21. Qg3 Rxf6 22. Rg4 g6 23. Qh4 Rf7 24. Ng5 Qe5 25. Rd1 Re7 26. Bc2 Qf6 27. Qg3 Rg7 28. Rf4 Qe5 29. Qf3 Re7 30. Rf8+ Kg7 31. Rf7+ Rxf7 32. Qxf7+ Kh6 33. Qxh7+ Kxg5 34. Qxg6+ Kh4 35. g3+ Kh3 36. Bd3 1-0

[Event "XVI Memorial Lezcano Montalvo 2024"]
[Site "Gran Canaria"]
[Date "2024.03.29"]
[Round "7.22"]
[White "Mendez Acosta, Alexander Jesus"]
[Black "de Leon Navarro, Claudio"]
[Result "1/2-1/2"]
[ECO "A25"]
[WhiteElo "2025"]
[BlackElo "1931"]
[Annotator "NA RC"]
[PlyCount "62"]
[EventDate "2024.03.23"]
[EventType "swiss"]
[EventCountry "ESP"]
[SourceTitle "playchess.com"]
[Source "ChessBase"]
[SourceQuality "1"]
[TimeControl "5400+30"]

1. c4 e5 2. Nc3 Nc6 3. g3 Bc5 4. Bg2 a6 5. e3 Ba7 6. Nge2 d6 7. d4 h5 8. h3 f5 9. h4 Nh6 10. Nd5 Ne7 11. dxe5 dxe5 12. Nxe7 Qxd1+ 13. Kxd1 Kxe7 14. Bd2 Ng4 15. Ke1 c6 16. b4 Bb6 17. c5 Bc7 18. f3 Nf6 19. Kf2 Rd8 20. Rhd1 a5 21. a3 axb4 22. Bxb4 Rxd1 23. Rxd1 Ba5 24. Nc3 Bxb4 25. axb4 Ra3 26. Rd3 Ke8 27. Ke2 Be6 28. Rd6 Bc4+ 29. Kd2 Rb3 30. Kc2 Rxb4 31. Bh3 Nd5 1/2-1/2

[Event "XVI Memorial Lezcano Montalvo 2024"]
[Site "Gran Canaria"]
[Date "2024.03.29"]
[Round "7.23"]
[White "Bergero, Simone"]
[Black "Quiceno Ramirez, Edwin Alejandro"]
[Result "1-0"]
[ECO "D00"]
[WhiteElo "2022"]
[BlackElo "1888"]
[Annotator "RC"]
[PlyCount "105"]
[EventDate "2024.03.23"]
[EventType "swiss"]
[EventCountry "ESP"]
[SourceTitle "playchess.com"]
[Source "ChessBase"]
[SourceQuality "1"]
[TimeControl "5400+30"]

1. d4 d5 2. Bf4 Nf6 3. Nc3 e6 4. Nb5 Na6 5. e3 c6 6. Nc3 Nc7 7. Nf3 Bd6 8. Ne5 Bb4 9. Bd3 Ne4 10. Bxe4 dxe4 11. Qg4 O-O 12. Qg3 Nd5 13. O-O Bxc3 14. bxc3 Nxc3 15. Rfe1 f6 16. Nc4 Qd5 17. Bh6 Rf7 18. Nd6 Re7 19. Ne8 Kf7 20. Nc7 Rxc7 21. Qxg7+ Ke8 22. Qxc7 Qd7 23. Qa5 Nd5 24. c4 b6 25. Qd2 Ne7 26. Qc2 Ng8 27. Bf4 f5 28. a4 Ba6 29. Red1 Rc8 30. Qa2 Qf7 31. d5 cxd5 32. cxd5 Bc4 33. dxe6 Qxe6 34. Qb2 Rc6 35. Rac1 Ne7 36. Qh8+ Qg8 37. Qd4 Qd5 38. Qh8+ Qg8 39. Qxg8+ Nxg8 40. Rd4 Bd5 41. Rcd1 Nf6 42. Bg5 Bb3 43. Rd8+ Kf7 44. R8d6 Bxd1 45. Rxc6 Ne8 46. Rh6 Kg7 47. Re6 Bxa4 48. Re7+ Kg6 49. Rxa7 Bb3 50. Bf4 Bc4 51. Rb7 b5 52. Be5 Be2 53. Re7 1-0

[Event "XVI Memorial Lezcano Montalvo 2024"]
[Site "Gran Canaria"]
[Date "2024.03.29"]
[Round "7.24"]
[White "Fernandez Manrique, Agustin"]
[Black "Broeder, Hans-Gert"]
[Result "1-0"]
[ECO "D15"]
[WhiteElo "2017"]
[BlackElo "1860"]
[Annotator "NA RC"]
[PlyCount "43"]
[EventDate "2024.03.23"]
[EventType "swiss"]
[EventCountry "ESP"]
[SourceTitle "playchess.com"]
[Source "ChessBase"]
[SourceQuality "1"]
[TimeControl "5400+30"]

1. d4 d5 2. Nf3 Nf6 3. c4 c6 4. Qb3 Qb6 5. Nc3 Qxb3 6. axb3 Na6 7. e3 Bf5 8. cxd5 Nb4 9. Ra4 Nbxd5 10. Ne5 Bc2 11. Bc4 e6 12. Kd2 Bf5 13. Ra1 Bb4 14. f3 Ne7 15. e4 Bg6 16. Kc2 b5 17. Be2 O-O 18. Ra6 Rfc8 19. Na2 c5 20. Kb1 Ned5 21. Nxg6 Ne7 22. Ne5 1-0

[Event "XVI Memorial Lezcano Montalvo 2024"]
[Site "Gran Canaria"]
[Date "2024.03.29"]
[Round "7.25"]
[White "Garbezza, Davide"]
[Black "Blanco Garcia Bajo, David"]
[Result "1-0"]
[ECO "E18"]
[WhiteElo "1888"]
[BlackElo "2004"]
[Annotator "RC"]
[PlyCount "103"]
[EventDate "2024.03.23"]
[EventType "swiss"]
[EventCountry "ESP"]
[SourceTitle "playchess.com"]
[Source "ChessBase"]
[SourceQuality "1"]
[TimeControl "5400+30"]

1. d4 e6 2. c4 Nf6 3. Nf3 b6 4. g3 Bb7 5. Bg2 Be7 6. O-O O-O 7. Nc3 Ne4 8. Bd2 d6 9. d5 Nxc3 10. Bxc3 e5 11. b4 Nd7 12. a4 c5 13. dxc6 Bxc6 14. Qb3 a5 15. Rfd1 Qc7 16. Nd2 Bxg2 17. Kxg2 Kh8 18. Nf1 f5 19. Ne3 Nf6 20. Nd5 Nxd5 21. cxd5 Rfc8 22. Rdc1 axb4 23. Bxe5 Qb7 24. Rxc8+ Rxc8 25. Bd4 Qa6 26. Qxb4 Bf8 27. Qb5 Qa5 28. Bxb6 Qc3 29. Rb1 Qe5 30. Qd3 Rc3 31. f4 Qe8 32. Qxc3 Qe4+ 33. Kf2 Qxb1 34. a5 Qh1 35. Qf3 Qb1 36. Kg2 Qa2 37. Qd3 Be7 38. Qb5 Kg8 39. Qe8+ Bf8 40. Qe6+ Kh8 41. Bc7 h6 42. Kh3 Qb1 43. Qf7 Qf1+ 44. Kh4 Qxe2 45. Qxf8+ Kh7 46. Qxf5+ Kh8 47. h3 Qe7+ 48. Kg4 Qe2+ 49. Kh4 Qe7+ 50. Kh5 Qxc7 51. Kg6 Qd8 52. Qf7 1-0

[Event "XVI Memorial Lezcano Montalvo 2024"]
[Site "Gran Canaria"]
[Date "2024.03.29"]
[Round "7.27"]
[White "Pleschke, Julius Jonas"]
[Black "Garcia Rodriguez, Adriana"]
[Result "1-0"]
[ECO "B13"]
[WhiteElo "1993"]
[BlackElo "1854"]
[Annotator "RC"]
[PlyCount "107"]
[EventDate "2024.03.23"]
[EventType "swiss"]
[EventCountry "ESP"]
[SourceTitle "playchess.com"]
[Source "ChessBase"]
[SourceQuality "1"]
[TimeControl "5400+30"]

1. Nf3 d5 2. d4 Nf6 3. Bf4 e6 4. e3 c5 5. c3 cxd4 6. exd4 Nc6 7. Bd3 Be7 8. h3 Qb6 9. Qe2 h6 10. O-O O-O 11. a4 Bd7 12. b4 a6 13. Nbd2 Rfc8 14. Rfc1 Qd8 15. Nb3 Qe8 16. Nc5 Bxc5 17. bxc5 Na5 18. Qa2 Nc4 19. Bxc4 dxc4 20. Nd2 Nd5 21. Bh2 b5 22. cxb6 Nxb6 23. a5 Nd5 24. Nxc4 Bb5 25. Nd6 Nxc3 26. Rxc3 Rxc3 27. Nxe8 Rxe8 28. Bf4 Rec8 29. Qb2 Rc2 30. Qa3 R2c4 31. Rc1 Rxc1+ 32. Bxc1 Rc4 33. Be3 Ra4 34. Qc3 Rc4 35. Qd2 Ra4 36. Kh2 Kh7 37. Kg3 f5 38. Kf4 Bc4 39. Ke5 Bd5 40. g4 Ra2 41. Qe1 fxg4 42. hxg4 Kg8 43. Qb4 Kh7 44. Kd6 Ra1 45. g5 h5 46. Qb2 Rxa5 47. Qc2+ Kg8 48. g6 Bb7 49. Qc7 Rf5 50. Qxb7 a5 51. Qc8+ Rf8 52. Qxe6+ Kh8 53. Qh3 Rf6+ 54. Ke7 1-0

[Event "XVI Memorial Lezcano Montalvo 2024"]
[Site "Gran Canaria"]
[Date "2024.03.29"]
[Round "7.28"]
[White "Segura Marsa, Andres"]
[Black "Sanchez Montesdeoca, Isaac"]
[Result "1/2-1/2"]
[ECO "A36"]
[WhiteElo "1987"]
[BlackElo "1832"]
[Annotator "NA RC"]
[PlyCount "72"]
[EventDate "2024.03.23"]
[EventType "swiss"]
[EventCountry "ESP"]
[SourceTitle "playchess.com"]
[Source "ChessBase"]
[SourceQuality "1"]
[TimeControl "5400+30"]

1. c4 c5 2. Nc3 Nf6 3. g3 b6 4. Bg2 Nc6 5. e4 e5 6. Nge2 d6 7. d3 Bg4 8. f3 Bd7 9. O-O Qc8 10. Bg5 Ne7 11. f4 Ng4 12. Bxe7 Bxe7 13. Qd2 O-O 14. Nd5 Bd8 15. f5 Rb8 16. Rf3 Rb7 17. Raf1 Bc6 18. Nec3 Nf6 19. Ne3 a6 20. g4 b5 21. Rh3 b4 22. Ne2 Bd7 23. g5 Ne8 24. Rg3 Kh8 25. h4 a5 26. Nd5 Nc7 27. f6 Nxd5 28. fxg7+ Kxg7 29. exd5 Bg4 30. Kh2 f5 31. gxf6+ Rxf6 32. Rxf6 Bxf6 33. Bh3 h5 34. Bxg4 hxg4 35. h5 Qf5 36. h6+ Kh8 1/2-1/2

[Event "XVI Memorial Lezcano Montalvo 2024"]
[Site "Gran Canaria"]
[Date "2024.03.29"]
[Round "7.29"]
[White "Estremera Panos, Sergio"]
[Black "Ascension Suarez, Joel"]
[Result "1-0"]
[ECO "E12"]
[WhiteElo "2233"]
[BlackElo "1731"]
[Annotator "RC"]
[PlyCount "29"]
[EventDate "2024.03.23"]
[EventType "swiss"]
[EventCountry "ESP"]
[SourceTitle "playchess.com"]
[Source "ChessBase"]
[SourceQuality "1"]
[TimeControl "5400+30"]

1. d4 Nf6 2. Nf3 e6 3. c4 d5 4. Nc3 Be7 5. Bg5 b6 6. e3 Bb7 7. Bxf6 Bxf6 8. cxd5 Bxd5 9. Nxd5 Qxd5 10. Qa4+ Qd7 11. Qc2 Qd6 12. Bd3 Nd7 13. O-O Bd8 14. Bb5 O-O 15. Qc6 1-0

[Event "XVI Memorial Lezcano Montalvo 2024"]
[Site "Gran Canaria"]
[Date "2024.03.29"]
[Round "7.30"]
[White "Grube, Kurt"]
[Black "Lopez Pereyra, Antonio"]
[Result "0-1"]
[ECO "A85"]
[WhiteElo "1773"]
[BlackElo "2069"]
[Annotator "RC"]
[PlyCount "98"]
[EventDate "2024.03.23"]
[EventType "swiss"]
[EventCountry "ESP"]
[SourceTitle "playchess.com"]
[Source "ChessBase"]
[SourceQuality "1"]
[TimeControl "5400+30"]

1. c4 d6 2. d4 f5 3. Nc3 Nf6 4. Nf3 e6 5. Qc2 d5 6. e3 c6 7. Be2 Bd6 8. Ne5 O-O 9. c5 Bc7 10. b4 Ne4 11. O-O Nd7 12. f4 Nxe5 13. dxe5 b6 14. Nxe4 fxe4 15. cxb6 Bxb6 16. Qxc6 Bd7 17. Qd6 Rc8 18. b5 Rc2 19. Bg4 Qc8 20. Kh1 Re8 21. a4 Bc5 22. Qa6 d4 23. exd4 Qxa6 24. bxa6 Bxd4 25. Rb1 Rec8 26. h3 h5 27. Bxh5 e3 28. Rd1 e2 29. Bxe2 Rxe2 30. Rxd4 Bc6 31. Rd2 Re1+ 32. Kh2 Be4 33. Rb4 Rcxc1 34. Rdd4 Bc6 35. Rd2 Kh7 36. Rbd4 Kg6 37. g4 Re3 38. Rd1 Rcc3 39. f5+ Kg5 40. fxe6 Rxh3+ 41. Kg1 Rcg3+ 42. Kf1 Rf3+ 43. Kg1 Rfg3+ 44. Kf1 Rg2 45. Rd5 Bxd5 46. Rxd5 Rb2 47. Kg1 Rc3 48. Rd1 Re3 49. e7 Rxe5 0-1

[Event "XVI Memorial Lezcano Montalvo 2024"]
[Site "Gran Canaria"]
[Date "2024.03.29"]
[Round "7.31"]
[White "Quevedo Olivares, Carlos Tomas"]
[Black "Sarmiento Afonso, Santiago"]
[Result "0-1"]
[ECO "B22"]
[WhiteElo "1763"]
[BlackElo "2023"]
[Annotator "NA RC"]
[PlyCount "62"]
[EventDate "2024.03.23"]
[EventType "swiss"]
[EventCountry "ESP"]
[SourceTitle "playchess.com"]
[Source "ChessBase"]
[SourceQuality "1"]
[TimeControl "5400+30"]

1. e4 c5 2. c3 Nf6 3. e5 Nd5 4. d4 cxd4 5. Nf3 e6 6. cxd4 Qc7 7. Bd2 Nc6 8. Nc3 Nxc3 9. Bxc3 d6 10. Rc1 Bd7 11. Bd3 dxe5 12. dxe5 Nb4 13. Bxb4 Bxb4+ 14. Kf1 Qb6 15. Qe2 Bc6 16. Kg1 Rd8 17. h3 Bc5 18. Kh2 Bxf2 19. Rhf1 Be3 20. Rc3 Bf4+ 21. Kh1 O-O 22. Nh4 Bh6 23. Bb1 Rd2 24. Qh5 Rf2 25. Re1 Rxb2 26. Bd3 Qf2 27. Rg1 Rxa2 28. Bb1 Re2 29. Bd3 Re3 30. Rxc6 bxc6 31. Rf1 Re1 0-1